 Dungeon Crawl Stone Soup version 0.31-a0-1405-g2bb1a01664 (webtiles) character file.

Game seed: 10012826560679882144

1428 olourkin the Skirmisher (level 9, 0/47 HPs)
             Began as a Kobold Hexslinger on Dec 25, 2023.
             Slain by an ice beast (11 damage)
             ... on level 5 of the Dungeon on Dec 26, 2023.
             The game lasted 00:31:09 (5574 turns).

olourkin the Skirmisher (Kobold Hexslinger)         Turns: 5574, Time: 00:31:10

Health: 0/47       AC:  6    Str:  5    XL:     9   Next: 3%
Magic:  7/10       EV: 14    Int: 14    God:
Gold:   403        SH:  0    Dex: 22    Spells: 5/10 levels left

rFire   + . .        a - +1 sling (flame)
rCold   . . .        (no shield)
rNeg    . . .        x - +0 leather armour
rPois   .            (no helmet)
rElec   .            C - +0 cloak
rCorr   .            q - +1 pair of gloves
SInv    .            (no boots)
Will    .....        (no amulet)
Stlth   ++++         i - +4 ring of slaying
HPRegen 0.27/turn    f - ring of protection from fire
MPRegen 0.12/turn

%: no passive effects
@: weak-willed, jinxed
A: small, no large weapons, nightstalker 3
a: no special abilities


You were on level 5 of the Dungeon.
You visited 1 branch of the dungeon, and saw 5 of its levels.
You also visited: Sewer.

You collected 403 gold pieces.

Inventory:

Hand Weapons
 a - a +1 sling of flaming (weapon)
 D - a +2 whip of freezing
Missiles
 g - 50 stones
 B - 7 boomerangs
Armour
 c - a +0 robe
 q - a +1 pair of gloves (worn)
 w - a +0 ring mail
 x - a +0 leather armour (worn)
 A - the +1 robe "Qiqetzes" {Harm *Slow Dex+7}
   (You took it off a goblin on level 4 of the Dungeon)

   Dex+7:     It affects your dexterity (+7).
   *Slow:     It may slow you when you take damage.
   Harm:      It increases damage dealt and taken.
 C - a +0 cloak (worn)
 E - a +0 robe of resistance
Jewellery
 f - a ring of protection from fire (right hand)
 i - a +4 ring of slaying (left hand)
 r - an amulet of guardian spirit
 y - an amulet of faith {!P}
Wands
 n - a wand of paralysis (4)
 z - a wand of light (4)
Scrolls
 b - 3 scrolls of poison {!r}
 d - a scroll of identify
 h - 3 scrolls of teleportation
 o - a scroll of noise {!r}
 G - a scroll of enchant armour
Potions
 j - a potion of invisibility {unknown}
 l - 2 potions of curing
 m - a potion of ambrosia {!e}
 p - 2 potions of mutation {!q}
 s - 4 potions of enlightenment
 t - a potion of heal wounds {unknown}
 u - a potion of haste {unknown}
 F - a potion of might {unknown}


   Skills:
 - Level 1.1 Fighting
 * Level 10.7 Ranged Weapons
 + Level 3.5 Armour
 - Level 2.4 Dodging
 - Level 4.5 Stealth
 - Level 1.1 Spellcasting
 + Level 4.8 Hexes
 - Level 1.0 Fire Magic


You had 5 spell levels left.
You knew the following spells:

 Your Spells              Type           Power      Damage    Failure   Level
u - Sigil of Binding      Hex            14%        N/A       17%         3
y - Jinxbite              Hex            28%        N/A       9%          2

Your spell library contained the following spells:

 Spells                   Type           Power      Damage    Failure   Level
 Confusing Touch          Hex            14%        N/A       17%         3
 Inner Flame              Hex/Fire       8%         N/A       36%         3
 Kiss of Death            Conj/Necr      0%         2d5       38%         1
 Cause Fear               Hex            7%         N/A       50%         4
 Volatile Blastmotes      Fire/Tloc      4%         2d10      69%         3
 Dimensional Bullseye     Hex/Tloc       3%         N/A       83%         4
 Dispel Undead            Necr           0%         3d6       99%         4
 Fulminant Prism          Conj/Alch      0%         3d5       99%         4
 Iskenderun's Mystic Bla  Conj/Tloc      0%         2d3       99%         4


Dungeon Overview and Level Annotations

Branches:
Dungeon (5/15)              Sewer (visited)
 Temple: D:4-7

Altars:
Fedhas
Makhleb


Innate Abilities, Weirdness & Mutations

You are small and have problems with some larger weapons.
You are completely attuned to the shadows.


Message History

You now have 403 gold pieces (gained 9).
Items here: ) [ | †.
Found a stone staircase leading down.
An ogre is nearby!
An ice beast is nearby!
The orc shouts!
You shoot a sling bullet. The sling bullet hits the orc.
The sling bullet burns the orc.
The orc is almost dead.
You shoot a sling bullet. The sling bullet barely misses the orc.
You shoot a sling bullet. The sling bullet hits the orc!
The sling bullet burns the orc.
You kill the orc!
You hear a shout!
You shoot a sling bullet.
The sling bullet barely misses the ogre.
You shoot a sling bullet.
The sling bullet barely misses the ogre.
You shoot a sling bullet.
The sling bullet barely misses the ogre.
Casting: Jinxbite (safe; 9% risk of failure)
Confirm with . or Enter, or press ? or * to list all spells.
You miscast Jinxbite.
You are very lightly contaminated with residual magic.
Nothing appears to happen.
The ogre barely misses you.
Casting: Jinxbite (safe; 9% risk of failure)
Confirm with . or Enter, or press ? or * to list all spells.
You beckon some vexing sprites to accompany your attacks.
You feel your willpower being sapped.
The ogre hits you with a +0 giant spiked club!!
Ouch! That really hurt!
* * * LOW HITPOINT WARNING * * *
As you read the scroll of teleportation, it crumbles to dust.
You feel strangely unstable.
Your surroundings seem slightly different.
Your magical contamination has completely faded away.
The ice beast hits you.
* * * LOW HITPOINT WARNING * * *
The ice beast freezes you!
You die...

....#.# ##....................
......# ###...........##.####...
.....## ##..........#..##..# #...
..#.)####..........##..###.# #...
..#....##..##.....###..# #.# #...
...................##..# #.# ####
...........|.....O..#.## #.# ****
..........).....Y#§.#.# #.# *,,,
.........##.....@#....## #.# *,,,
..####.....#....<#.#...# #)# *,,,
.## ###.##..#..###..#.># #)# *,,,
..###...[##.#....##....#*#)#**,,,
......##.##...##..###.)#....,,,,,
..######...................,,,,,,
.##........................,,,,,,
....##............###......,,,,,,
........)..................,,,,,,


You could see an ice beast and an ogre.

Vanquished Creatures
  Pikel (D:5)
  A water moccasin (D:5)
  An orc warrior (D:4)
  A black bear (D:5)
  2 crocodiles (Sewer)
  A lemure (D:5)
  A howler monkey (D:4)
  A hound (D:5)
  2 orc priests
  4 orc wizards
  A sickly merfolk siren (Sewer)
  A malarious merfolk avatar (Sewer)
  10 gnolls
  5 adders
  A worm (D:5)
  2 dart slugs
  16 orcs
  5 bats
  5 endoplasms
  7 giant cockroaches
  5 goblins
  4 hobgoblins
  8 jackals
  7 quokkas
  4 ball pythons
  10 frilled lizards
  6 kobolds
  9 rats
121 creatures vanquished.

Notes
Turn   | Place    | Note
-------+----------+-------------------------------------------
     0 | D:1      | olourkin the Kobold Hexslinger began the quest for the Orb.
     0 | D:1      | Reached XP level 1. HP: 12/12 MP: 2/2
    72 | D:1      | Upgraded the game from 0.31-a0-1388-g4b2ba238e7 to
                  | 0.31-a0-1405-g2bb1a01664
   100 | D:1      | Reached skill level 3 in Ranged Weapons
   193 | D:1      | Reached XP level 2. HP: 16/16 MP: 3/3
   408 | D:1      | Reached skill level 4 in Ranged Weapons
   773 | D:2      | Found a faded altar of an unknown god.
   859 | D:2      | Found a blossoming altar of Fedhas.
   896 | D:2      | Reached XP level 3. HP: 20/20 MP: 4/4
  1627 | D:3      | Reached skill level 5 in Ranged Weapons
  1676 | D:3      | Found a burning altar of Makhleb.
  1887 | D:3      | Reached skill level 1 in Stealth
  1887 | D:3      | Reached XP level 4. HP: 20/25 MP: 5/5
  1981 | D:3      | Reached skill level 6 in Ranged Weapons
  1981 | D:3      | Reached XP level 5. HP: 29/29 MP: 6/6
  2788 | D:4      | Reached XP level 6. HP: 23/34 MP: 7/7
  2904 | D:4      | Reached skill level 7 in Ranged Weapons
  3104 | D:4      | Identified the +1 robe "Qiqetzes" {Harm *Slow Dex+7}
  3129 | D:4      | Reached skill level 1 in Armour
  4013 | D:5      | Entered Level 5 of the Dungeon
  4039 | D:5      | Found a glowing drain.
  4047 | Sewer    | Entered a sewer
  4239 | Sewer    | Noticed a crocodile
  4300 | Sewer    | Killed a crocodile
  4301 | Sewer    | Reached XP level 7. HP: 16/38 MP: 8/8
  4370 | Sewer    | Reached skill level 8 in Ranged Weapons
  4582 | Sewer    | Learned a level 2 spell: Jinxbite
  4717 | D:5      | Noticed Pikel
  4755 | D:5      | Killed Pikel
  4756 | D:5      | Reached skill level 9 in Ranged Weapons
  4756 | D:5      | Reached XP level 8. HP: 12/43 MP: 9/9
  4898 | D:5      | Reached skill level 10 in Ranged Weapons
  5189 | D:5      | Learned a level 3 spell: Sigil of Binding
  5334 | D:5      | Reached XP level 9. HP: 23/47 MP: 10/10
  5574 | D:5      | Slain by an ice beast

Illustrated notes

Levels and vault maps discovered:
D:1:      tarquinn_simple_flora_water_e, layout_basic
D:2:      layout_loops_ring, shapermc_ecumenical_altar_mp_ritualfount,
          basic_altar
D:3:      layout_loops_ring, mainiacjoe_overflow_tiny_flanked,
          hangedman_decor_growths, kennysheep_decorative_pillar,
          minmay_misc_feat_square, kennysheep_orc_chapel
D:4:      layout_basic
D:5:      layout_rooms, portal_sewer_entry_a, uniq_pikel

Skill      XL: |  1  2  3  4  5  6  7  8 |
---------------+-------------------------+-----
Ranged Weapons | 3 4 5 6 7 9 10 | 10.7
Stealth        | 1 2 3 4 |  4.5
Armour         | 1 2 3 |  3.5
Hexes          | 4 |  4.8
Fighting       | |  1.1
Dodging        | |  2.4
Spellcasting   | |  1.1
Fire Magic     | |  1.0

Action                     |  1- 3 |  4- 6 |  7- 9 || total
---------------------------+-------+-------+-------++-------
   Fire: Sling             |    84 |   146 |   117 ||   347
   Cast: Jinxbite          |       |       |     2 ||     2
  Evoke: Wand              |       |       |     3 ||     3
    Use: Scroll            |       |     8 |     4 ||    12
         Potion            |       |     1 |       ||     1
 Armour: Robe              |     7 |     6 |       ||    13
         Leather armour    |       |    43 |    49 ||    92
  Dodge: Dodged            |    22 |    60 |    53 ||   135

Table legend: (Time is in decaauts)
 A = Elapsed time spent in this place.
 B = Non-inter-level travel time spent in this place.
 C = Inter-level travel time spent in this place.
 D = Time resting spent in this place.
 E = Time spent auto-exploring this place.
 F = Levels seen in this place.
 G = Mean time per level.
                   A        B        C        D        E       F      G
               +--------+--------+--------+--------+--------+-----+--------+
         Total |   5662 |   5301 |    361 |    919 |   3456 |   6 |  943.7 |
       Dungeon |   4985 |   4624 |    361 |    667 |   3202 |   5 |  997.0 |
         Sewer |    677 |    677 |      0 |    252 |    253 |   1 |  677.0 |
               +--------+--------+--------+--------+--------+-----+--------+

Top non-repeatable levels by time:
     D:4: 1501 daAuts
     D:3: 1177 daAuts
     D:2: 792 daAuts
     D:5: 769 daAuts
     D:1: 745 daAuts
   Sewer: 677 daAuts
